 Dungeon Crawl Stone Soup version 0.26-a0-612-gd4d190f45e (webtiles) character file.

Game seed: 11632003392448034171

39 Gottschkopf the Conjurer (level 3, 0/26 HPs)
             Began as a Draconian Conjurer on Sept 8, 2020.
             Slain by a kobold (1 damage)
             ... on level 2 of the Dungeon.
             The game lasted 00:02:25 (1190 turns).

Gottschkopf the Conjurer (Draconian Conjurer)       Turns: 1190, Time: 00:02:25

Health: 0/26       AC:  5    Str:  9    XL:     3   Next: 26%
Magic:  0/6        EV: 12    Int: 19    God:
Gold:   51         SH:  0    Dex:  9    Spells: 0/6 levels left

rFire    . . .     SeeInvis .   g - +0 mace
rCold    . . .     Faith    .   (no shield)
rNeg     . . .     Spirit   .   (armour unavailable)
rPois    .         Reflect  .   (helmet restricted)
rElec    .         Harm     .   (no cloak)
rCorr    .                      (no gloves)
MR       .....                  (no boots)
Stlth    ++........             (no amulet)
HPRegen  0.08/turn              (no ring)
MPRegen  0.10/turn              (no ring)

@: lethally poisoned (0 -> -4)
A: unfitting armour, cold-blooded, AC +5
a: no special abilities


You were on level 2 of the Dungeon.
You visited 1 branch of the dungeon, and saw 2 of its levels.

You collected 51 gold pieces.

Inventory:

Hand Weapons
 g - a +0 mace (weapon)
Scrolls
 a - 2 scrolls of fog {unknown}
 c - a scroll of amnesia {unknown}
 f - 2 scrolls of teleportation {unknown}
 h - 2 scrolls of identify {unknown}
Potions
 e - a potion of might {unknown}


   Skills:
 - Level 1.7 Dodging
 - Level 1.7 Stealth
 - Level 2.0 Spellcasting
 + Level 5.1 Conjurations


You couldn't memorise any spells.
You knew the following spells:

 Your Spells              Type           Power        Failure   Level
a - Magic Dart            Conj           ###.         1%          1
b - Searing Ray           Conj           ###...       3%          2
c - Dazzling Flash        Conj/Hex       ##....       17%         3

Your spell library contained the following spells:

 Spells                   Type           Power        Failure   Level
 Fulminant Prism          Conj/Hex       ##........   50%         4
 Iskenderun's Mystic Bla  Conj/Tloc      ##......     50%         4


Dungeon Overview and Level Annotations

Branches:
Dungeon (2/15)

Altars:
Elyvilon


Innate Abilities, Weirdness & Mutations

Your plain brown scales are hard. (AC +5)
You cannot fit into any form of body armour.
You are cold-blooded and may be slowed by cold attacks.


Message History

The adder is severely wounded.
You feel sick. The adder barely misses you.
The kobold hits you but does no damage. The adder closely misses you.
The kobold hits you. The adder bites you. The adder bites you.
* * * LOW HITPOINT WARNING * * *
You are lethally poisoned!
The adder poisons you! The adder misses you.
* * * LOW HITPOINT WARNING * * *
You feel sick.
Casting: Magic Dart (safe; 1% risk of failure)
Confirm with . or Enter, or press ? or * to list all spells.
Aiming: Magic Dart (safe; 1% risk of failure)
Press: ? - help, Shift-Dir - straight line, f/p - adder
Aim: an adder (severely wounded)
The magic dart hits the kobold but does no damage.
* * * LOW HITPOINT WARNING * * *
You feel sick. The kobold hits you.
You die...

.....#)! ### #.......
..##...... . .......#
.. . #..?..###... #..
#.......†# #...#
##..?..#
......#####......#
#......rSK@....###
#.#.#.#.#.#(#......#
.................#..
##...⌠.....⌠...>.....
#......._.........###
#....⌠.....⌠......#
...............#.##
...#.#.#.#.#.#.#...
...................


You could see an adder, a kobold and a rat.

Vanquished Creatures
  A gnoll (D:1)
  A dart slug (D:1)
  A leopard gecko (D:1)
  2 giant cockroaches (D:1)
  4 goblins
  5 hobgoblins
  2 kobolds (D:1)
  2 bats (D:1)
  A frilled lizard (D:1)
  6 rats (D:1)
25 creatures vanquished.

Notes
Turn   | Place    | Note
-------+----------+-------------------------------------------
     0 | D:1      | Gottschkopf the Draconian Conjurer began the quest for the
                  | Orb.
     0 | D:1      | Reached XP level 1. HP: 14/14 MP: 3/3
   180 | D:1      | Reached XP level 2. HP: 20/20 MP: 1/5
   723 | D:1      | Learned a level 2 spell: Searing Ray
   967 | D:1      | Reached skill level 5 in Conjurations
   967 | D:1      | Reached XP level 3. HP: 26/26 MP: 0/6
  1090 | D:2      | Found a white marble altar of Elyvilon.
  1098 | D:2      | Learned a level 3 spell: Dazzling Flash
  1190 | D:2      | HP: 1/26 [poisoned by an adder]
  1190 | D:2      | Slain by a kobold

Illustrated notes

Levels and vault maps discovered:
D:1:      dpeg_arrival_boxes_within_box, layout_basic
D:2:      layout_rooms, elyvilon_altar_5, grunt_dithmenos_smoke, tgw_xom,
          minmay_misc_feat_room, minmay_tetromino_s2

Skill      XL: |  1  2 |
---------------+-------+-----
Conjurations   | 5 |  5.1
Dodging        | |  1.7
Stealth        | |  1.7
Spellcasting   | |  2.0

Action                   || total
-------------------------++-------
Melee: Club              ||     5
       Short sword       ||     2
       Mace              ||    12
 Cast: Magic Dart        ||    57
Armor: Skin              ||     6
Dodge: Dodged            ||    30

Table legend: (Time is in decaauts)
 A = Elapsed time spent in this place.
 B = Non-inter-level travel time spent in this place.
 C = Inter-level travel time spent in this place.
 D = Time resting spent in this place.
 E = Time spent auto-exploring this place.
 F = Levels seen in this place.
 G = Mean time per level.
                   A        B        C        D        E       F      G
               +--------+--------+--------+--------+--------+-----+--------+
         Total |   1194 |   1173 |     21 |      0 |    996 |   2 |  597.0 |
       Dungeon |   1194 |   1173 |     21 |      0 |    996 |   2 |  597.0 |
               +--------+--------+--------+--------+--------+-----+--------+

Top non-repeatable levels by time:
     D:1: 1091 daAuts
     D:2: 103 daAuts
